 Dungeon Sprint DCSS version 0.23.2 (webtiles) character file.

Game seed: 13993884978424908527

441 MartialLaw the Basher (level 6, -4/62 (63) HPs)
             Began as a Minotaur Monk on Mar 31, 2019.
             Slain by a human
             ... wielding a +0 dagger
              (6 damage)
             ... in the Dungeon (Sprint III: "The Ten Rune Challenge").
             The game lasted 00:02:29 (1113 turns).

MartialLaw the Basher (Minotaur Monk)               Turns: 1113, Time: 00:02:29

HP:   -4/62 (63)    AC:  2    Str: 17    XL:     6   Next: 70%
MP:   5/5           EV: 17    Int:  7    God:
Gold: 10            SH:  0    Dex: 13    Spells: 5/5 levels left

rFire    . . .     SeeInvis .   a - +0 mace
rCold    . . .     Gourm    .   (no shield)
rNeg     . . .     Faith    .   b - +0 robe
rPois    .         Spirit   .   (helmet restricted)
rElec    .         Reflect  .   (no cloak)
rCorr    .         Harm     .   (no gloves)
MR       .....     NoTele   +   (no boots)
Stlth    +++.......             (no amulet)
HPRegen  0.20/turn              (no ring)
MPRegen  0.09/turn              (no ring)

@: no status effects
A: retaliatory headbutt, horns 2
a: no special abilities


You were in the Dungeon.
You were hungry.

You visited 1 branch You collected 10 gold pieces.

Inventory:

Hand Weapons
 a - a +0 mace (weapon)
Armour
 b - a +0 robe (worn)
Wands
 o - a wand of enslavement (6)
Scrolls
 i - a scroll of blinking
 j - 2 scrolls of torment {unknown}
 k - 3 scrolls of identify
 l - 4 scrolls of remove curse
Potions
 d - 4 potions of mutation
 e - 2 potions of heal wounds
 f - a potion of haste
 g - 3 potions of magic
 h - a potion of berserk rage
 m - 3 potions of flight
Comestibles
 c - 4 rations


   Skills:
 + Level 9.2 Fighting
 + Level 9.3 Maces & Flails
 + Level 7.3 Armour
 + Level 8.5 Dodging
 + Level 4.1 Stealth


You had 5 spell levels left.
You didn't know any spells.
Your spell library contained the following spells:

 Spells                   Type           Power        Failure   Level  Hunger
 Confusing Touch          Hex            #.....       43%         1    ##.....
 Magic Dart               Conj           #...         43%         1    ##.....
 Blink                    Tloc           N/A          56%         2    ###....
 Call Imp                 Summ           #.......     56%         2    ###....
 Slow                     Hex            #.......     56%         2    ###....
 Confuse                  Hex            #.......     80%         3    ####...
 Conjure Flame            Conj/Fire      #.......     80%         3    ####...
 Gell's Gravitas          Tloc           #.........   80%         3    ####...
 Mephitic Cloud           Conj/Pois/Air  #.......     80%         3    ####...
 Petrify                  Tmut/Erth      #.......     99%         4    #####..
 Metabolic Englaciation   Hex/Ice        #.........   100%        5    ######.
 Yara's Violent Unravell  Hex/Tmut       #.........   100%        5    ######.


Dungeon Overview and Level Annotations

Branches:
Dungeon (1/1)

Altars:
Dithmenos
Kikubaaqudgha
Okawaru
Ru
Sif Muna
Trog
Uskayaw
Vehumet
Wu Jian
Yredelemnul
Beogh


Innate Abilities, Weirdness & Mutations

You reflexively headbutt those who attack you in melee.
You have a pair of horns on your head.


Message History

You hit the human.
The human is moderately wounded.
The human completely misses you.
You barely miss the human.
The human is moderately wounded.
The human hits you with a +0 dagger!
* * * LOW HITPOINT WARNING * * *
You hit the human.
The human is heavily wounded.
The human misses you. x2
You hit the human.
The human is heavily wounded.
The human closely misses you. You furiously retaliate!
You headbutt the human, but do no damage.
You miss the human.
The human is heavily wounded.
The human hits you with a +0 dagger!
* * * LOW HITPOINT WARNING * * *
The human hits you with a +0 dagger.
You die...

▓▓▓▓▓ ▓▓▓ ....♣♣♣ ♣.#
######## ......♣ ♣♣.#
#___#__# ......♣ ♣..#
#p_.#._# ....≈.♣
♣♣.###+#@###'##
...≈≈.♣♣.♣.#..........#
..≈≈≈≈...♣.'.⌠........#
..≈≈≈≈≈≈♣♣.#...######+#
.≈≈≈≈≈≈....#.⌠.# .#
.≈≈≈≈≈.....#...# .#
.≈≈≈.......#'### .#
...........#.))# %+
...........#___# J#


You could see a human (berserk).

Vanquished Creatures
  A necrophage (D)
  A water elemental (D)
  A scorpion (D)
  Jessica (D)
  A wizard (D)
  A necromancer (D)
  2 humans (D)
  A kobold demonologist (D)
  An ooze (D)
  2 rats (D)
12 creatures vanquished.

Vanquished Creatures (others)
  2 draconian scorchers (D)
  6 hellions (D)
  A yaktaur (D)
9 creatures vanquished.

Grand Total: 21 creatures vanquished

Notes
Turn   | Place    | Note
-------+----------+-------------------------------------------
     0 | D        | MartialLaw the Minotaur Monk began the quest for the Orb.
     0 | D        | Reached XP level 1. HP: 19/19 MP: 0/0
    19 | D        | Noticed Jessica
    21 | D        | Killed Jessica
    21 | D        | Reached skill level 5 in Fighting
    21 | D        | Reached skill level 5 in Maces & Flails
    21 | D        | Reached skill level 5 in Dodging
    21 | D        | Reached XP level 2. HP: 29/29 MP: 1/1
    21 | D        | Reached XP level 3. HP: 36/36 MP: 2/2
    59 | D        | Reached skill level 1 in Armour
    65 | D        | Killed a hellion
    87 | D        | Killed a hellion
    87 | D        | Killed a hellion
    99 | D        | Killed a hellion
   106 | D        | Killed a yaktaur
   123 | D        | Killed a hellion
   124 | D        | Killed a hellion
   204 | D        | Noticed a scorpion
   209 | D        | Killed a white draconian scorcher
   260 | D        | Killed a scorpion
   260 | D        | Reached XP level 4. HP: 11/45 MP: 3/3
   302 | D        | Killed a white draconian scorcher
   480 | D        | Noticed a water elemental
   488 | D        | Killed a water elemental
   488 | D        | Reached XP level 5. HP: 11/52 MP: 4/4
   735 | D        | Found a radiant altar of Vehumet.
   735 | D        | Found a deep blue altar of Sif Muna.
   735 | D        | Found an ancient bone altar of Kikubaaqudgha.
   737 | D        | Reached skill level 5 in Armour
   765 | D        | Found a basalt altar of Yredelemnul.
   765 | D        | Found a shadowy altar of Dithmenos.
   765 | D        | Found a sacrificial altar of Ru.
   765 | D        | Noticed a necrophage
   773 | D        | Killed a necrophage
   773 | D        | Reached XP level 6. HP: 26/61 MP: 5/5
  1097 | D        | Found a hide-covered altar of Uskayaw.
  1097 | D        | Found a roughly hewn altar of Beogh.
  1097 | D        | Found an iron altar of Okawaru.
  1097 | D        | Found a bloodstained altar of Trog.
  1097 | D        | Found an ornate altar of the Wu Jian Council.
  1097 | D        | Noticed a human
  1098 | D        | Noticed a human
  1103 | D        | Killed a human
  1113 | D        | HP: 2/62 [human/+0 dagger (9)]
  1113 | D        | Slain by a human

Skill      XL: |  1  2  3  4  5  6 |
---------------+-------------------+-----
Fighting       | 5 6 7 8 9 |  9.2
Maces & Flails | 5 6 7 8 9 |  9.3
Dodging        | 5 6 7 8 |  8.5
Stealth        | 2 4 |  4.1
Armour         | 3 4 6 7 |  7.3

Action                   |  1- 3 |  4- 6 || total
-------------------------+-------+-------++-------
Melee: Mace              |    23 |    33 ||    56
       Headbutt          |     4 |     7 ||    11
  Use: Potion            |       |     1 ||     1
 Stab: Sleeping          |       |     3 ||     3
Armor: Robe              |     2 |     1 ||     3
Dodge: Dodged            |    19 |    18 ||    37
